 Dungeon Crawl Stone Soup version 0.23-a0-681-g26ad783 (webtiles) character file.

266 robertstho the Charmwright (level 6, -2/50 HPs)
             Began as a Gnoll Skald on Jan 10, 2019.
             Killed from afar by an orc wizard (4 damage)
             ... with a magic dart
             ... on level 3 of the Dungeon.
             The game lasted 00:04:46 (2149 turns).

robertstho the Charmwright (Gnoll Skald)            Turns: 2149, Time: 00:04:46

Health: -2/50      AC:  5    Str: 13    XL:     6   Next: 20%
Magic:  9/13       EV: 13    Int: 23    God:
Gold:   148        SH:  0    Dex: 14    Spells: 4/15 levels left

rFire    . . .     SeeInvis .   a - +0 hand axe
rCold    . . .     Gourm    .   (no shield)
rNeg     . . .     Faith    .   i - +0 ring mail
rPois    .         Spirit   .   (no helmet)
rElec    .         Reflect  .   (no cloak)
rCorr    .         Harm     .   (no gloves)
MR       .....                  (no boots)
Stlth    +.........             (no amulet)
HPRegen  0.16/turn              h - ring of wizardry
MPRegen  0.13/turn              (no ring)

@: brilliant, shrouded, flying
A: distributed training, fangs 1, strong nose
a: no special abilities


You were on level 3 of the Dungeon.
You were hungry.

You visited 1 branch of the dungeon, and saw 3 of its levels.

You collected 148 gold pieces.

Inventory:

Hand Weapons
 a - a +0 hand axe (weapon)
Armour
 b - a +0 leather armour
 i - a +0 ring mail (worn)
Jewellery
 h - a ring of wizardry (left hand)
 o - a +2 ring of evasion {unknown}
Scrolls
 c - a scroll of amnesia {unknown}
 k - 2 scrolls of identify {unknown}
 m - 3 scrolls of remove curse {unknown}
Potions
 e - 2 potions of flight
 g - a potion of magic {unknown}
 j - a potion of haste {unknown}
 l - 2 potions of heal wounds {unknown}
 n - a potion of invisibility {unknown}
 p - a potion of agility {unknown}
 q - a potion of berserk rage {unknown}
 s - a potion of ambrosia {unknown}
Comestibles
 d - 5 rations


   Skills:
 + Level 4.9 Fighting
 + Level 1.8 Short Blades
 + Level 1.8 Long Blades
 + Level 4.9 Axes
 + Level 1.8 Maces & Flails
 + Level 1.8 Polearms
 + Level 1.8 Staves
 + Level 1.8 Slings
 + Level 1.8 Bows
 + Level 1.8 Crossbows
 + Level 1.8 Throwing
 + Level 3.1 Armour
 + Level 4.9 Dodging
 + Level 1.8 Stealth
 + Level 1.8 Shields
 + Level 1.8 Unarmed Combat
 + Level 5.3 Spellcasting
 + Level 1.4 Conjurations
 + Level 1.4 Hexes
 + Level 5.6 Charms
 + Level 1.4 Summonings
 + Level 1.4 Necromancy
 + Level 1.4 Translocations
 + Level 1.4 Transmutations
 + Level 1.4 Fire Magic
 + Level 1.4 Ice Magic
 + Level 1.4 Air Magic
 + Level 1.4 Earth Magic
 + Level 1.4 Poison Magic
 + Level 2.0 Invocations
 + Level 1.8 Evocations


You had 4 spell levels left.
You knew the following spells:

 Your Spells              Type           Power        Failure   Level  Hunger
a - Infusion              Chrm           ####         1%          1    None
b - Song of Slaying       Chrm           #####...     1%          2    None
c - Shroud of Golubria    Chrm/Tloc      #####.....   1%          2    None
d - Regeneration          Chrm/Necr      #####.....   1%          3    ##.....
e - Spectral Weapon       Hex/Chrm       #####...     1%          3    ##.....

Your spell library contained the following spells:

 Spells                   Type           Power        Failure   Level  Hunger


Dungeon Overview and Level Annotations

Branches:
Dungeon (3/15)

Altars:
Ashenzari


Innate Abilities, Weirdness & Mutations

Your experience applies equally to all skills.
You have very sharp teeth.
Your uncanny sense of smell can sniff out nearby items.


Message History

The orc wizard hits you but does no damage.
You hit the orc wizard.
The orc wizard is moderately wounded.
The orc wizard gestures wildly while chanting.
The orc wizard seems to speed up.
You miss the orc wizard.
The orc wizard is moderately wounded.
The orc wizard gestures at you while chanting.
The magic dart hits you!
* * * LOW HITPOINT WARNING * * *
The orc wizard hits you but does no damage.
It was a potion of flight.
You feel very buoyant.
You fly up into the air.
Your shroud bends the orc wizard's attack away.
It was a potion of brilliance.
You feel clever all of a sudden.
The orc wizard points at you and mumbles some strange words.
The magic dart hits you!
You die...

#...#.#
#.g...#
##o#####
#.#...#
#.#.#.#
#....<#
###.### #o#
#@### #.).#
#.#.#######
#.#.#..(<.#
###.#.#####
###...#
#...###
#####


You could see an orc wizard.

Vanquished Creatures
  A crimson imp (D:2)
  Natasha (thrice) (D:2)
  6 gnolls
  3 adders
  A dart slug (D:2)
  3 leopard geckos (D:3)
  2 orcs (D:3)
  3 giant cockroaches
  7 goblins
  9 hobgoblins
  5 jackals
  5 bats
  2 frilled lizards
  9 kobolds
  9 rats
68 creatures vanquished.

Vanquished Creatures (others)
  A bat (D:3)
1 creature vanquished.

Grand Total: 69 creatures vanquished

Notes
Turn   | Place    | Note
-------+----------+-------------------------------------------
     0 | D:1      | robertstho the Gnoll Skald began the quest for the Orb.
     0 | D:1      | Reached XP level 1. HP: 20/20 MP: 6/6
   112 | D:1      | Reached XP level 2. HP: 24/26 MP: 7/7
   569 | D:1      | Reached XP level 3. HP: 31/31 MP: 9/9
   680 | D:1      | Reached skill level 5 in Spellcasting
   950 | D:2      | Noticed Natasha
   960 | D:2      | Killed Natasha
   960 | D:2      | Reached skill level 1 in Short Blades
   960 | D:2      | Reached skill level 1 in Long Blades
   960 | D:2      | Reached skill level 1 in Maces & Flails
   960 | D:2      | Reached skill level 1 in Polearms
   960 | D:2      | Reached skill level 1 in Staves
   960 | D:2      | Reached skill level 1 in Slings
   960 | D:2      | Reached skill level 1 in Bows
   960 | D:2      | Reached skill level 1 in Crossbows
   960 | D:2      | Reached skill level 1 in Throwing
   960 | D:2      | Reached skill level 1 in Stealth
   960 | D:2      | Reached skill level 1 in Shields
   960 | D:2      | Reached skill level 1 in Unarmed Combat
   960 | D:2      | Reached skill level 1 in Invocations
   960 | D:2      | Reached skill level 1 in Evocations
   960 | D:2      | Reached XP level 4. HP: 16/38 MP: 8/11
   965 | D:2      | Noticed Natasha
   978 | D:2      | Killed Natasha
  1204 | D:2      | Noticed Natasha
  1211 | D:2      | Reached skill level 1 in Conjurations
  1211 | D:2      | Reached skill level 1 in Hexes
  1211 | D:2      | Reached skill level 1 in Summonings
  1211 | D:2      | Reached skill level 1 in Necromancy
  1211 | D:2      | Reached skill level 1 in Translocations
  1211 | D:2      | Reached skill level 1 in Transmutations
  1211 | D:2      | Reached skill level 1 in Fire Magic
  1211 | D:2      | Reached skill level 1 in Ice Magic
  1211 | D:2      | Reached skill level 1 in Air Magic
  1211 | D:2      | Reached skill level 1 in Earth Magic
  1211 | D:2      | Reached skill level 1 in Poison Magic
  1228 | D:2      | Killed Natasha
  1228 | D:2      | Reached XP level 5. HP: 29/43 MP: 12/12
  1265 | D:2      | Found a shattered altar of Ashenzari.
  1909 | D:3      | Reached XP level 6. HP: 44/50 MP: 8/13
  2085 | D:3      | Learned a level 2 spell: Song of Slaying
  2088 | D:3      | Learned a level 2 spell: Shroud of Golubria
  2092 | D:3      | Learned a level 3 spell: Regeneration
  2096 | D:3      | Learned a level 3 spell: Spectral Weapon
  2147 | D:3      | HP: 2/50 [orc wizard/magic dart (11)]
  2149 | D:3      | Killed from afar by an orc wizard

Vault maps used:
D:1:      eino_arrival_cavern_d
D:2:      cheibrodos_old_hovel, lemuel_round_altar, uniq_natasha
D:3:      nemelex_xobeh_ov_fountains_minmay, first_ration,
          cheibrodos_ashenzari_chains

Skill      XL: |  1  2  3  4  5  6 |
---------------+-------------------+-----
Spellcasting   | 5 |  5.3
Short Blades   | 1 |  1.8
Long Blades    | 1 |  1.8
Maces & Flails | 1 |  1.8
Polearms       | 1 |  1.8
Staves         | 1 |  1.8
Slings         | 1 |  1.8
Bows           | 1 |  1.8
Crossbows      | 1 |  1.8
Throwing       | 1 |  1.8
Stealth        | 1 |  1.8
Shields        | 1 |  1.8
Unarmed Combat | 1 |  1.8
Invocations    | 1 2 |  2.0
Evocations     | 1 |  1.8
Conjurations   | 1 |  1.4
Hexes          | 1 |  1.4
Summonings     | 1 |  1.4
Necromancy     | 1 |  1.4
Translocations | 1 |  1.4
Transmutations | 1 |  1.4
Fire Magic     | 1 |  1.4
Ice Magic      | 1 |  1.4
Air Magic      | 1 |  1.4
Earth Magic    | 1 |  1.4
Poison Magic   | 1 |  1.4
Armour         | 3 |  3.1
Fighting       | |  4.9
Axes           | |  4.9
Dodging        | |  4.9
Charms         | |  5.6

Action                   |  1- 3 |  4- 6 || total
-------------------------+-------+-------++-------
Melee: Hand axe          |   112 |   166 ||   278
       Bite              |    12 |    19 ||    31
       Punch             |       |     1 ||     1
 Cast: Infusion          |     1 |     2 ||     3
       Shroud of Golubri |       |     3 ||     3
       Spectral Weapon   |       |     1 ||     1
  Use: Potion            |       |     2 ||     2
  Eat: Chunk             |       |     4 ||     4
Armor: Ring mail         |    36 |    41 ||    77
       Leather armour    |     2 |       ||     2
Dodge: Dodged            |    94 |   136 ||   230

Table legend:
 A = Non-vault XP
 B = Vault XP
 C = Vault XP percentage of total XP
 D = Non-vault monster count
 E = Vault monster count
 F = Vault count percentage of total count
                 A         B        C        D         E       F
            +---------+---------+-------+---------+---------+-------
      Total |     342 |      39 |  10.2 |      66 |       2 |   2.9
            +---------+---------+-------+---------+---------+-------
        D:1 |      38 |       0 |   0.0 |      25 |       0 |   0.0
        D:2 |     221 |      39 |  15.0 |      25 |       2 |   7.4
        D:3 |      83 |       0 |   0.0 |      16 |       0 |   0.0
            +---------+---------+-------+---------+---------+-------
